 Dungeon Crawl Stone Soup version 0.22-a0-570-g58866f5d57 (webtiles) character file.

1746 Kholdaimon the Charmwright (level 9, -5/69 HPs)
             Began as a Gnoll Skald on June 30, 2018.
             Was a Follower of Okawaru.
             Slain by an orc warrior
             ... wielding a +0 glaive
              (21 damage)
             ... on level 7 of the Dungeon.
             The game lasted 00:37:20 (6612 turns).

Kholdaimon the Charmwright (Gnoll Skald)            Turns: 6612, Time: 00:37:21

Health: -5/69      AC:  6    Str: 20    XL:     9   Next: 6%
Magic:  14/18      EV: 15    Int: 17    God:    Okawaru [*.....]
Gold:   125        SH:  0    Dex: 14    Spells: 14/20 levels left

rFire    + . .     SeeInvis .   a - +0 falchion
rCold    . . .     Gourm    +   (no shield)
rNeg     . . .     Faith    .   b - +0 leather armour
rPois    .         Spirit   .   (no helmet)
rElec    .         Reflect  .   (no cloak)
rCorr    .         Harm     .   u - +0 pair of gloves
MR       .....                  v - +0 pair of boots
Stlth    ++........             F - amulet of the gourmand
HPRegen  0.21/turn              r - +4 ring of strength
MPRegen  0.16/turn              y - ring of protection from fire

@: shrouded
A: distributed training, fangs 1, strong nose
a: Heroism, Renounce Religion


You were on level 7 of the Dungeon.
You worshipped Okawaru.
Okawaru was aware of your devotion.
You were not hungry.

You visited 2 branches of the dungeon, and saw 8 of its levels.

You collected 190 gold pieces.
You spent 65 gold pieces at shops.

Inventory:

Hand Weapons
 a - a +0 falchion (weapon)
 c - a +1 mace of holy wrath
 e - a +0 whip of freezing
 p - a +0 hunting sling
 I - a +0 dagger of venom
Missiles
 f - 128 arrows
 g - 186 stones (quivered)
 m - 30 sling bullets
 n - 9 tomahawks
 s - 40 poisoned needles
 D - 15 bolts
Armour
 b - a +0 leather armour (worn)
 u - a +0 pair of gloves (worn)
 v - a +0 pair of boots (worn)
 A - a +0 ring mail
 E - a +0 shield
Jewellery
 r - a +4 ring of strength (left hand)
 y - a ring of protection from fire (right hand)
 F - an amulet of the gourmand (around neck)
Wands
 o - a wand of disintegration (13)
 K - a wand of iceblast (7)
Scrolls
 i - 3 scrolls of remove curse
 k - 3 scrolls of teleportation
 x - a scroll of immolation {unknown}
 C - a scroll of fog {unknown}
 H - 2 scrolls of magic mapping
Potions
 h - 3 potions of agility
 j - 4 potions of curing
 l - a potion of brilliance
 q - a potion of heal wounds
 w - a potion of might {unknown}
 z - a potion of invisibility {unknown}
 B - 2 potions of lignification
 G - a potion of flight {unknown}
 M - a potion of mutation {unknown}
Comestibles
 d - 8 rations


   Skills:
 + Level 6.0 Fighting
 + Level 3.7 Short Blades
 + Level 6.0 Long Blades
 + Level 3.7 Axes
 + Level 3.7 Maces & Flails
 + Level 3.7 Polearms
 + Level 3.7 Staves
 + Level 3.7 Slings
 + Level 3.7 Bows
 + Level 3.7 Crossbows
 + Level 3.7 Throwing
 + Level 4.6 Armour
 + Level 6.0 Dodging
 + Level 3.7 Stealth
 + Level 3.7 Shields
 + Level 3.7 Unarmed Combat
 + Level 6.3 Spellcasting
 + Level 3.1 Conjurations
 + Level 3.1 Hexes
 + Level 6.3 Charms
 + Level 3.1 Summonings
 + Level 3.1 Necromancy
 + Level 3.1 Translocations
 + Level 3.1 Transmutations
 + Level 3.1 Fire Magic
 + Level 3.1 Ice Magic
 + Level 3.1 Air Magic
 + Level 3.1 Earth Magic
 + Level 3.1 Poison Magic
 + Level 4.1 Invocations
 + Level 3.7 Evocations


You had 14 spell levels left.
You knew the following spells:

 Your Spells              Type           Power        Failure   Level  Hunger
a - Infusion              Chrm           ####         1%          1    None
b - Shroud of Golubria    Chrm/Tloc      ###.......   3%          2    None
c - Regeneration          Chrm/Necr      ###.......   6%          3    ##.....

Your spell library contained the following spells:

 Spells                   Type           Power        Failure   Level  Hunger
 Magic Dart               Conj           ###.         4%          1    None
 Conjure Flame            Conj/Fire      ###.....     12%         3    ##.....
 Slow                     Hex            ###.....     6%          2    None
 Mephitic Cloud           Conj/Pois/Air  ###.....     12%         3    ##.....
 Blink                    Tloc           N/A          6%          2    None
 Call Imp                 Summ           ###.....     6%          2    None
 Song of Slaying          Chrm           ####....     1%          2    None
 Spectral Weapon          Hex/Chrm       ###.....     6%          3    ##.....


Dungeon Overview and Level Annotations

Branches:
Dungeon (7/15)             Temple (1/1) D:5

Altars:
Ashenzari
Cheibriados
Dithmenos
Elyvilon
Fedhas
Gozag
Hepliaklqana
Kikubaaqudgha
Makhleb
Nemelex Xobeh
Okawaru
Qazlal
Sif Muna
Trog
Uskayaw
Vehumet
Wu Jian
Xom
Yredelemnul
Zin
The Shining One

Shops:
D:4 !


Innate Abilities, Weirdness & Mutations

Your experience applies equally to all skills.
You have very sharp teeth.
Your uncanny sense of smell can sniff out nearby items.


Message History

The orc warrior is moderately wounded.
The orc warrior hits you with a glaive.
You hit the orc warrior.
The orc warrior is moderately wounded.
The orc warrior barely misses you.
You riposte.
You slash the orc warrior!
The orc warrior is heavily wounded.
You closely miss the orc warrior.
The orc warrior is heavily wounded.
The orc warrior misses you.
You barely miss the orc warrior.
The orc warrior is heavily wounded.
You hit the orc warrior.
The orc warrior is severely wounded.
The orc warrior hits you with a glaive!
* * * LOW HITPOINT WARNING * * *
Casting: Regeneration (safe; 6% risk of failure)
Confirm with . or Enter, or press ? or * to list all spells.
Space distorts slightly along a thin shroud covering your body.
The orc warrior hits you with a glaive!!
You die...

##...## ##..# #.)...##
##.## ##.####.# #..##
#..# #.# ##..# #..# #.#
##..# #!.# #.# ##..## #
## #..# #.# ##..##
#..###.###..# #.###..##
#......o.#@.####.##..##
#...>.)..)o.........##
....########.......######
. ####..........
##.....## #...### #...#
#...## #....#####


You could see an orc warrior.

Vanquished Creatures
  Prince Ribbit (D:5)
  A phantom (D:4)
  A black bear (D:6)
  2 ogres
  A necrophage (D:5)
  A centaur (D:5)
  A big kobold (D:7)
  3 bullfrogs
  3 crimson imps
  2 orc priests (D:4)
  A gnoll shaman (D:4)
  3 hounds
  An iguana (D:6)
  An orc wizard (D:4)
  A human skeleton (D:2)
  3 worker ants
  2 hound zombies
  4 gnolls (D:4)
  12 adders
  2 shadow imps (D:5)
  2 adder skeletons (D:4)
  4 worms
  4 dart slugs
  6 leopard geckos
  13 orcs
  9 giant cockroaches
  7 goblins
  3 hobgoblins
  13 jackals
  7 quokkas
  5 bats
  5 frilled lizards
  10 kobolds
  9 rats
143 creatures vanquished.

Notes
Turn   | Place    | Note
-------+----------+-------------------------------------------
     0 | D:1      | Kholdaimon the Gnoll Skald began the quest for the Orb.
     0 | D:1      | Reached XP level 1. HP: 20/20 MP: 6/6
   260 | D:1      | Reached XP level 2. HP: 25/26 MP: 7/7
   264 | D:1      | Learned a level 2 spell: Shroud of Golubria
   739 | D:1      | Reached XP level 3. HP: 25/31 MP: 9/9
   861 | D:1      | Reached skill level 5 in Spellcasting
  1266 | D:2      | Reached skill level 1 in Invocations
  1283 | D:2      | Learned a level 3 spell: Regeneration
  1395 | D:2      | Reached skill level 1 in Short Blades
  1395 | D:2      | Reached skill level 1 in Axes
  1395 | D:2      | Reached skill level 1 in Maces & Flails
  1395 | D:2      | Reached skill level 1 in Polearms
  1395 | D:2      | Reached skill level 1 in Staves
  1395 | D:2      | Reached skill level 1 in Slings
  1395 | D:2      | Reached skill level 1 in Bows
  1395 | D:2      | Reached skill level 1 in Crossbows
  1395 | D:2      | Reached skill level 1 in Throwing
  1395 | D:2      | Reached skill level 1 in Stealth
  1395 | D:2      | Reached skill level 1 in Shields
  1395 | D:2      | Reached skill level 1 in Unarmed Combat
  1395 | D:2      | Reached skill level 1 in Evocations
  1413 | D:2      | Reached XP level 4. HP: 25/38 MP: 11/11
  1488 | D:2      | Found a runed door.
  1488 | D:2      | Noticed a human
  1518 | D:2      | Found a basalt altar of Yredelemnul.
  1581 | D:2      | Reached skill level 1 in Conjurations
  1581 | D:2      | Reached skill level 1 in Hexes
  1581 | D:2      | Reached skill level 1 in Summonings
  1581 | D:2      | Reached skill level 1 in Necromancy
  1581 | D:2      | Reached skill level 1 in Translocations
  1581 | D:2      | Reached skill level 1 in Transmutations
  1581 | D:2      | Reached skill level 1 in Fire Magic
  1581 | D:2      | Reached skill level 1 in Ice Magic
  1581 | D:2      | Reached skill level 1 in Air Magic
  1581 | D:2      | Reached skill level 1 in Earth Magic
  1581 | D:2      | Reached skill level 1 in Poison Magic
  1972 | D:3      | Found a faded altar of an unknown god.
  2004 | D:3      | Reached XP level 5. HP: 43/43 MP: 12/12
  2881 | D:3      | Found a burning altar of Makhleb.
  2883 | D:3      | Found a snail-covered altar of Cheibriados.
  3047 | D:4      | Reached XP level 6. HP: 31/50 MP: 13/13
  3183 | D:4      | Found Okuxzy's Distillery.
  3484 | D:4      | Bought a potion of heal wounds for 65 gold pieces
  3524 | D:4      | Reached skill level 5 in Fighting
  3524 | D:4      | Reached skill level 5 in Long Blades
  3524 | D:4      | Reached skill level 5 in Dodging
  3596 | D:4      | Reached XP level 7. HP: 35/56 MP: 1/15
  4203 | D:5      | Entered Level 5 of the Dungeon
  4402 | D:5      | Found a staircase to the Ecumenical Temple.
  4414 | Temple   | Entered the Ecumenical Temple
  4576 | Temple   | Became a worshipper of Warmaster Okawaru
  4691 | D:5      | Reached XP level 8. HP: 52/60 MP: 8/16
  4794 | D:5      | Noticed Prince Ribbit
  4805 | D:5      | Killed Prince Ribbit
  5480 | D:6      | Found a stormy altar of Qazlal.
  6079 | D:6      | Reached * piety under Okawaru
  6449 | D:7      | Reached XP level 9. HP: 62/66 MP: 18/18
  6483 | D:7      | Found a glowing silver altar of Zin.
  6612 | D:7      | Slain by an orc warrior

Vault maps used:
D:1:      nicolae_arrival_somewhat_less_tricky_arrival
D:2:      first_ration, st_stairs_7, dk_yredelemnul_ordeal
D:3:      minitemple, chequers_ecumenical_altar_simple_redux
D:4:      serial_shops, shop
D:5:      minmay_temple_entry_overgrown, uniq_prince_ribbit1
D:6:      basic_altar
D:7:      overflow_temple_1_default
Temple:   dpeg_five_rooms_temple

Skill      XL: |  1  2  3  4  5  6  7  8  9 |
---------------+----------------------------+-----
Spellcasting   | 5 6 |  6.3
Invocations    | 1 2 3 4 |  4.1
Short Blades   | 1 2 3 |  3.7
Axes           | 1 2 3 |  3.7
Maces & Flails | 1 2 3 |  3.7
Polearms       | 1 2 3 |  3.7
Staves         | 1 2 3 |  3.7
Slings         | 1 2 3 |  3.7
Bows           | 1 2 3 |  3.7
Crossbows      | 1 2 3 |  3.7
Throwing       | 1 2 3 |  3.7
Stealth        | 1 2 3 |  3.7
Shields        | 1 2 3 |  3.7
Unarmed Combat | 1 2 3 |  3.7
Evocations     | 1 2 3 |  3.7
Conjurations   | 1 2 3 |  3.1
Hexes          | 1 2 3 |  3.1
Summonings     | 1 2 3 |  3.1
Necromancy     | 1 2 3 |  3.1
Translocations | 1 2 3 |  3.1
Transmutations | 1 2 3 |  3.1
Fire Magic     | 1 2 3 |  3.1
Ice Magic      | 1 2 3 |  3.1
Air Magic      | 1 2 3 |  3.1
Earth Magic    | 1 2 3 |  3.1
Poison Magic   | 1 2 3 |  3.1
Armour         | 3 4 |  4.6
Fighting       | 5 6 |  6.0
Long Blades    | 5 6 |  6.0
Dodging        | 5 6 |  6.0
Charms         | 6 |  6.3

Action                   |  1- 3 |  4- 6 |  7- 9 || total
-------------------------+-------+-------+-------++-------
Melee: Falchion          |   124 |   215 |   227 ||   566
       Bite              |    16 |    27 |    30 ||    73
       Punch             |       |       |     2 ||     2
 Fire: Hunting sling     |       |     4 |    36 ||    40
Throw: Stone             |     9 |    39 |    27 ||    75
 Cast: Shroud of Golubri |     3 |     6 |    14 ||    23
       Infusion          |     3 |     5 |    12 ||    20
       Regeneration      |     1 |     3 |    11 ||    15
  Use: Scroll            |       |     8 |     3 ||    11
       Potion            |       |       |     1 ||     1
 Stab: Sleeping          |       |     1 |       ||     1
  Eat: Chunk             |     2 |     5 |    10 ||    17
       Ration            |       |     1 |       ||     1
Armor: Leather armour    |    25 |    44 |    60 ||   129
Dodge: Dodged            |   109 |   179 |   199 ||   487
       Rpst.: Falchion   |    38 |    56 |    58 ||   152

Table legend:
 A = Spawn XP
 B = Non-spawn XP
 C = Spawn XP percentage of total XP
 D = Spawn monster count
 E = Non-spawn monster count
 F = Spawn count percentage of total count
 G = Total turns spent on level
                    A         B        C        D         E        F      G
               +---------+---------+-------+---------+---------+-------+---------
         Total |       0 |    2495 |   0.0 |       0 |     143 |   0.0 |  6612
               +---------+---------+-------+---------+---------+-------+---------
           D:1 |       0 |      39 |   0.0 |       0 |      22 |   0.0 |  1095
           D:2 |       0 |     115 |   0.0 |       0 |      29 |   0.0 |   827
           D:3 |       0 |     128 |   0.0 |       0 |      23 |   0.0 |  1159
           D:4 |       0 |     648 |   0.0 |       0 |      25 |   0.0 |  1122
           D:5 |       0 |     831 |   0.0 |       0 |      20 |   0.0 |  1037
           D:6 |       0 |     438 |   0.0 |       0 |      10 |   0.0 |   813
           D:7 |       0 |     296 |   0.0 |       0 |      14 |   0.0 |   319
               +---------+---------+-------+---------+---------+-------+---------
